[Event "MCCT Oslo Esports Cup 2022"]
[Site "Oslo"]
[Date "2022.04.20"]
[Round "2.5"]
[White "Duda, Jan-Krzysztof"]
[Black "Giri, Anish"]
[Result "1-0"]
[ECO "A48"]
[WhiteElo "2750"]
[BlackElo "2773"]
[Annotator "TA"]
[PlyCount "101"]
[EventDate "2022.04.14"]
[EventType "tourn"]
[EventCountry "NOR"]
[SourceTitle "playchess.com"]
[Source "ChessBase"]
[SourceQuality "1"]
[TimeControl "300+3"]

1. d4 Nf6 2. Nf3 g6 3. Bf4 Bg7 4. e3 O-O 5. Be2 d6 6. h3 Nc6 {[%emt 0:00:02] is now more promising than 6...Nbd7.} 7. O-O Ne4 {[%emt 0:00:01] A48: 1 d4 Nf6 2 Nf3 g6: Torre, London and Colle Systems.} 8. Bh2 $5 {[%emt 0:00:15][%mdl 4] Exploring less charted territory.} e5 9. c3 {[%emt 0:00:15] [#]} a5 $146 {[%emt 0:00:02] The position is equal.} ({Predecessor:} 9... Qe7 10. a4 Kh8 11. Na3 f5 12. Nc4 g5 13. Bd3 Be6 14. dxe5 d5 15. Ncd2 Bg8 {1-0 (60) Benidze,D (2515)-Markus,R (2672) Kocaeli 2017}) 10. Qc2 Ng5 11. Nbd2 f5 12. dxe5 dxe5 13. Rad1 Kh8 14. Bb5 Na7 15. Bc4 Nxf3+ 16. Nxf3 Qe7 17. a4 e4 18. Nd4 Be5 19. Bxe5+ Qxe5 20. Qb3 {[%emt 0:00:20] &Bianco is more active.} b6 21. Rd2 Bd7 22. Rfd1 $1 Rae8 23. Ne2 Bc8 24. Bf7 (24. Nf4 $142) 24... Re7 $16 25. Rd8 $36 {[%emt 0:00:06][%mdl 2048] White is pushing.} Rxd8 {[%emt 0:00:01] Loses the game.} (25... Qg7 $14 26. Rxf8+ Qxf8) 26. Rxd8+ $18 Kg7 {[%emt 0:00:01] [#]} 27. Rg8+ $1 Kh6 (27... Kf6 $142) 28. Nf4 {[%emt 0:00:29][%cal Rf4g6] And now Nxg6! would win.} Qf6 {[%emt 0:01:48] [#]} 29. Bxg6 hxg6 30. Rxg6+ Qxg6 31. Nxg6 Kxg6 32. Qg8+ Kf6 $2 (32... Rg7 33. Qe8+ Kh7) 33. h4 Be6 (33... Bd7 $142 34. Qg5+ Ke6) 34. Qg5+ Kf7 35. h5 Kf8 36. h6 Bg8 37. Qxf5+ Ke8 38. g4 Bh7 39. Qf6 Rf7 40. Qh8+ Kd7 41. Qd4+ Ke8 42. Qe5+ Kd7 43. Qd5+ Ke7 44. Qb7 Kf6 45. Qxa7 {[%emt 0:00:03][%mdl 4096] Endgame KQ-KRB} Kg5 46. Qa8 {[%emt 0:00:05] Strongly threatening Qd5+.} Kxg4 47. Qe8 Rf6 48. Qd7+ Bf5 49. Qxc7 Kf3 50. Kf1 Bh3+ 51. Ke1 {[%emt 0:00:01] Weighted Error Value: White=0.04 (flawless) /Black=0.67} 1-0

[Event "MCCT Oslo Esports Cup 2022"]
[Site "Oslo"]
[Date "2022.04.20"]
[Round "2.6"]
[White "Giri, Anish"]
[Black "Duda, Jan-Krzysztof"]
[Result "0-1"]
[ECO "A13"]
[WhiteElo "2773"]
[BlackElo "2750"]
[Annotator "TA"]
[PlyCount "106"]
[EventDate "2022.04.14"]
[EventType "tourn"]
[EventCountry "NOR"]
[SourceTitle "playchess.com"]
[Source "ChessBase"]
[SourceQuality "1"]
[TimeControl "300+3"]

1. Nf3 Nf6 2. c4 e6 3. g3 d5 4. Bg2 dxc4 5. Qa4+ Nbd7 6. Qxc4 a6 7. Qc2 c5 8. Nc3 Qc7 {[%emt 0:00:12] A13: English Opening: 1...e6.} 9. d4 b6 (9... b5 $11) 10. Bf4 $14 Bd6 (10... Qa7 $11) 11. Bxd6 Qxd6 12. Ne4 {[%emt 0:00:01] 12.Ne4 is the recent fashion.} Nxe4 13. Qxe4 Ra7 {[%emt 0:00:01] [#]} 14. dxc5 $146 ({Predecessor:} 14. O-O Bb7 15. dxc5 Qxc5 16. Qf4 O-O 17. Rfc1 Qb5 18. Rc7 Qxb2 19. Qc1 Qxc1+ 20. Raxc1 {1-0 (33) Yu,Y (2704)-Bluebaum,M (2640) Riga 2021}) 14... Nxc5 15. Qe5 Qxe5 16. Nxe5 Bb7 17. Bxb7 Rxb7 18. O-O-O Nd7 19. Nd3 Ke7 20. Kb1 Rc8 21. Rd2 Rbc7 22. f3 a5 23. Rhd1 b5 24. g4 Nb6 25. Nf4 Nc4 26. Rd3 a4 27. g5 (27. a3 $15) 27... b4 28. h4 a3 29. bxa3 bxa3 {[%emt 0:00:07] ...Nb2 is the strong threat.} 30. Re1 Rc5 31. e4 g6 32. Ne2 Rb5+ 33. Ka1 Rd8 34. Rc3 {[%emt 0:00:31] [#]} (34. Rxd8 $11 Kxd8 35. Rd1+ Ke7 36. Rd4) 34... Rb4 (34... Rb2 $1 $15 35. Nc1 (35. Rxc4 Rxe2 36. Rc7+ Kf8 $17) 35... Nd2) 35. Nc1 (35. Rb1 $5 Rdb8 36. Rxb4 Rxb4 37. Nc1 $11) 35... Nd2 $1 36. Nd3 Rb5 (36... Nxf3 $2 37. Nxb4 Nxe1 38. Nc6+ Kd7 39. Nxd8 Kxd8 40. Kb1 $18) 37. Rxa3 {[%emt 0:00:26] [#]} Rdb8 {[%emt 0:00:07] &Nero is more active.} (37... Rd7 $1 $17 {[%cal Rd7b7] And now ...Rdb7 would win.} 38. Rc3 Nxf3) 38. Ra7+ $11 Ke8 {[%emt 0:00:02] ( -> ...Rb1+)} (38... Kf8 $5 39. a3 (39. a4 Rb3 40. Ka2 Nc4) 39... Rc8 $11) 39. a3 $1 (39. a4 Rb3 40. Ka2 Nc4) 39... Rb3 40. Nb4 (40. Ne5 $1 $11 {remains equal.}) 40... Nxf3 (40... Rxf3 $17 {Strongly threatening ...Nb3+.} 41. Nc6 Rc8) 41. Rc1 Kf8 42. Ka2 Re3 $36 {[%emt 0:00:02][%mdl 2048] Black has the initiative.} 43. Rd1 ({Better is} 43. Na6 $15 Re2+ 44. Ka1) 43... Rxe4 $2 (43... Re2+ $19 44. Ka1 Rc8) 44. Rdd7 $2 (44. Nc6 $1 $11 Re2+ 45. Ka1) 44... Rf4 $2 (44... Ne5 $19 45. Na6 Nxd7 46. Nxb8 Nxb8) 45. Nc6 Rc8 46. Nd8 $2 (46. a4 $11) 46... Ne5 $19 ({Weaker is} 46... Nxh4 47. Nxe6+ fxe6 48. Rxh7 $11) 47. Rd2 (47. Nxe6+ $142 fxe6 48. Rxh7 Rf2+ 49. Kb3) 47... Nf3 $2 ({And not} 47... Rxh4 48. Nxf7 Nc6 49. Rad7 $17) (47... Rb8 $19 48. Nb7 Nc6) 48. Rd1 $2 {[%emt 0:00:02] [#]} ({White should play} 48. Rdd7 $11) 48... Ne5 $2 ({Stronger than} 48... Nxh4 49. Rdd7 $11) ({Black should try} 48... Rf5 $1 $17 {aiming for ...Ne5.} 49. Nb7 Nxh4) 49. a4 $2 (49. Rd2 $11 {and White is okay.} Rb8 50. Nb7) 49... Rf2+ 50. Kb3 Rf3+ 51. Kb4 $2 (51. Ka2 {nothing else works.}) 51... Rc4+ $2 (51... Ke8 $19 {is more deadly.} 52. a5 Rxd8 53. Rxd8+ Kxd8) 52. Kb5 $2 (52. Ka5 $17 Rc8 53. Ka6) 52... Rb3+ 53. Ka6 Rxa4# {[%emt 0:00:01] Weighted Error Value: White=0.68/Black=0.57} 0-1

[Event "MCCT Oslo Esports Cup 2022"]
[Site "Oslo"]
[Date "2022.04.20"]
[Round "3.1"]
[White "Giri, Anish"]
[Black "Carlsen, Magnus"]
[Result "1/2-1/2"]
[ECO "D31"]
[WhiteElo "2773"]
[BlackElo "2864"]
[Annotator "TA"]
[PlyCount "41"]
[EventDate "2022.04.14"]
[EventType "tourn"]
[EventCountry "NOR"]
[SourceTitle "playchess.com"]
[Source "ChessBase"]
[SourceQuality "1"]
[TimeControl "1500+10"]

1. d4 d5 2. c4 e6 3. Nc3 c6 4. e4 dxe4 5. Nxe4 Bb4+ 6. Bd2 Qxd4 7. Bxb4 Qxe4+ 8. Ne2 Nd7 9. Qd6 {[%emt 0:01:31][%mdl 1024] White has compensation. D31: Queen's Gambit Declined: Semi-Slav without ...Nf6 (+ Marshall Gambit and Noteboom) and Exchange Variation lines without ...Nf6.} Qe5 10. Qd2 Ngf6 $1 11. O-O-O {[%emt 0:00:20] [#] Black must now prevent f4.} c5 (11... Ne4 $1 $11 12. Qe3 c5) 12. Bc3 $14 Ne4 13. Bxe5 ({Much worse is} 13. Qxd7+ Bxd7 14. Bxe5 Nxf2 $11) 13... Nxd2 {[%emt 0:00:03] Pair of Knights!} 14. Bxg7 Rg8 {[%emt 0:00:01] [#] Hoping for ...Ne4.} 15. Rxd2 Rxg7 {[%emt 0:00:03] [#]} 16. g3 $146 ({Predecessor:} 16. Nc3 b6 17. Nb5 Ke7 18. Be2 Bb7 19. Rhd1 Nf6 20. g3 Bc6 21. Nc3 Rgg8 22. f3 {½-½ (44) Gavrish,L (2158)-Molano Lafuente,I (1940) Barcelona 2016}) 16... Ne5 17. b3 Nf3 {[%emt 0:01:26] The position is equal.} 18. Rd3 Ne5 19. Rd2 {[%emt 0:00:00] Strongly threatening Bg2.} Nf3 20. Rd3 Ne5 21. Rd2 {[%emt 0:00:00] Weighted Error Value: White=0.08 (flawless) /Black=0.11 (very precise)} 1/2-1/2

[Event "MCCT Oslo Esports Cup 2022"]
[Site "Oslo"]
[Date "2022.04.20"]
[Round "3.1"]
[White "Mamedyarov, Shakhriyar"]
[Black "Hansen, Eric"]
[Result "0-1"]
[ECO "E61"]
[WhiteElo "2771"]
[BlackElo "2606"]
[Annotator "TA"]
[PlyCount "128"]
[EventDate "2022.04.14"]
[EventType "tourn"]
[EventCountry "NOR"]
[SourceTitle "playchess.com"]
[Source "ChessBase"]
[SourceQuality "1"]
[TimeControl "1500+10"]

1. d4 Nf6 2. c4 g6 3. Nf3 Bg7 4. e3 O-O 5. Be2 c5 6. dxc5 Na6 7. Nc3 Nxc5 8. O-O d6 9. Nd4 Bd7 10. b3 Rc8 11. Bb2 a6 12. h3 Qc7 13. Rc1 Qb8 14. b4 Ne6 15. Nb3 b5 16. cxb5 $1 axb5 17. Qd3 Nc7 18. a3 Rfd8 19. Rfd1 d5 (19... e5 $11 {should be considered.}) 20. Nc5 (20. Qb1 $1 $14) 20... Bc6 $11 21. Nb3 e5 22. Bf1 Nfe8 23. Na5 Ba8 $1 24. Nb1 ({But not} 24. Nxb5 e4 25. Qe2 Bxb2 26. Qxb2 Nxb5 $17) 24... Nd6 25. Nd2 Nc4 26. Qb1 Ne6 (26... Nxb2 $17 27. Qxb2 d4) 27. Naxc4 ({White should try} 27. Ndxc4 $11 dxc4 28. Rxd8+ Nxd8 29. a4) 27... bxc4 $15 28. e4 dxe4 (28... Nf4 $1 $15) 29. Nxc4 $11 Nd4 30. Ne3 f5 31. Rxc8 Qxc8 32. Nc4 Qe6 (32... Qd7 $11 33. Rc1 Rb8) 33. Na5 (33. a4 $14) 33... Bd5 34. b5 Ra8 35. Bc3 f4 36. Re1 Rc8 37. b6 Rxc3 38. b7 Bxb7 $1 39. Qxb7 e3 (39... Rxa3 $2 40. Bc4 $1 Bf6 41. Qc8+ Kg7 42. Bxe6 $18) 40. fxe3 fxe3 $2 (40... Nc2 $1 $11 41. Rc1 e4) 41. Rxe3 $2 (41. Qb4 $1 $18 e4 42. Bc4 (42. Qxc3 Nf3+ 43. gxf3 Bxc3 $11) 42... Rxc4 43. Qxc4) 41... Rc1 $11 (41... Rxe3 $2 42. Bc4 Re1+ 43. Kf2 Re2+ 44. Kf1 $18) 42. Qb2 (42. Nb3 $11 {keeps the balance.} Bh6 43. Rd3 Rxf1+ 44. Kxf1 Qf5+ 45. Ke1 Qxd3 46. Qd5+ Kf8 47. Qd8+ Kg7 48. Qe7+ Kg8 49. Qd8+ Kf7 50. Qd7+ Kf6 51. Qd6+ Kf7 52. Qd7+ Kf6 53. Qd6+ Kf7 54. Qd7+) 42... Qc8 $17 43. Nb3 Rc2 44. Qb1 Nf5 ({Weaker is} 44... Qf5 45. Qe1 Qf4 46. Nxd4 Qxd4 47. Kh1 $11) 45. Rd3 $2 (45. Re2 Rc3 46. Qe4) 45... e4 $19 46. Rd5 Bh6 47. Rxf5 gxf5 48. Qd1 Kh8 49. Kh1 Rc3 50. a4 Qb8 51. Bb5 Bg7 52. Nc1 h6 53. Ne2 Ra3 54. Qd7 Ra1+ 55. Ng1 Qe5 56. Qc8+ Kh7 57. Bc4 {[%emt 0:00:01] [#]} h5 (57... Rxg1+ $142 $1 58. Kxg1 Qd4+ 59. Kh1 Qd1+ 60. Kh2 Be5+ 61. g3 Qd2+ 62. Kh1 Qe1+ 63. Bf1 Qxf1+ 64. Kh2 Qf2+ 65. Kh1 Qf3+ 66. Kg1 Bd4+ 67. Kh2 Qf2+ 68. Kh1 Qg1#) 58. h4 $19 Qf6 59. g3 Qe5 60. Kg2 {[%emt 0:00:04] [#]} f4 (60... Rxg1+ $142 $1 61. Kxg1 Qxg3+ 62. Kf1 Qf3+ 63. Kg1 Bd4+ 64. Kh2 Qf4+ 65. Kh1 Qxh4+ 66. Kg2 Qg4+ 67. Kh2 Be5+ 68. Kh1 Qh3+ 69. Kg1 Bd4#) 61. gxf4 $19 Qxf4 62. Qg8+ Kh6 63. Be2 Ra3 64. Qe6+ Bf6 (64... Kh7 $142 65. Qh3 Rxh3 66. Nxh3 Qxh4 67. Nf2 Be5 68. Bd1 Qh2+ 69. Kf1 e3 70. Ne4 Bg3 71. Ng5+ Kg6 72. Nh3 e2+ 73. Bxe2 Qxh3+ 74. Kg1 Qh2+ 75. Kf1 Qh1#) 0-1

[Event "MCCT Oslo Esports Cup 2022"]
[Site "Oslo"]
[Date "2022.04.20"]
[Round "3.1"]
[White "Van Foreest, Jorden"]
[Black "Duda, Jan-Krzysztof"]
[Result "0-1"]
[ECO "C49"]
[WhiteElo "2714"]
[BlackElo "2750"]
[Annotator "TA"]
[PlyCount "92"]
[EventDate "2022.04.14"]
[EventType "tourn"]
[EventCountry "NOR"]
[SourceTitle "playchess.com"]
[Source "ChessBase"]
[SourceQuality "1"]
[TimeControl "1500+10"]

1. e4 e5 2. Nf3 Nc6 3. Nc3 Nf6 4. Bb5 Bb4 5. O-O O-O 6. Bxc6 dxc6 7. d3 Nd7 {[%emt 0:01:07] C49: Four Knights: 4 Bb5 Bb4.} 8. Bg5 f6 9. Be3 Re8 {[%emt 0:00:13] [#] The position is equal.} 10. a3 $146 ({Predecessor:} 10. Nh4 Nf8 11. Qf3 Ne6 12. Ne2 Bf8 13. Rad1 c5 14. c3 Qe7 15. Qg3 Qf7 16. f4 exf4 17. Nxf4 Nxf4 18. Bxf4 {0-1 (49) Nandhidhaa,P (2365)-Iskandarov,M (2533) Belgrade 2021}) 10... Bf8 11. Nd2 Nc5 12. Ne2 (12. Qh5 {looks sharper.} Ne6 13. Rae1 b6 14. Ne2) 12... Bg4 13. f3 Bh5 14. Qe1 Ne6 15. Qf2 c5 16. a4 b6 17. b3 Qd7 18. h3 a6 19. Qh4 Bf7 20. f4 exf4 21. Nxf4 Nd4 $1 22. Bxd4 Qxd4+ 23. Qf2 Qc3 24. Nc4 b5 25. Ne3 c6 {[%emt 0:00:52] Inhibits Nfd5.} 26. Kh1 c4 27. Ne2 (27. bxc4 $11 {feels stronger.} bxc4 28. Qg3) 27... Qe5 $17 28. Ng4 Qc7 29. bxc4 bxc4 30. Ng3 h5 31. Ne3 cxd3 32. cxd3 Rad8 33. Rad1 Qe5 34. Nef5 {[%emt 0:00:16] [#]} ({White should try} 34. Qf3 $15) 34... c5 $1 35. Qf3 $2 {[%emt 0:00:10] White does not recover from this.} (35. Rfe1 $17) 35... g6 $19 36. Qe3 gxf5 37. Rxf5 Qd4 38. Qf3 Bg7 {[%emt 0:00:06] Strongly threatening ...c4.} ({Weaker is} 38... Qxa4 39. Rxf6 Qb3 40. Nxh5 Bxh5 41. Qxh5 $11) 39. Rf4 $2 (39. Nxh5 Bxh5 40. Qxh5) 39... Bg6 40. Nxh5 Bxh5 41. Qxh5 Re5 {[%emt 0:00:37] Black is clearly winning.} 42. Qg4 c4 43. Rb1 {[%emt 0:00:19] [#] Hoping for Rb7.} Qxd3 44. Rbf1 Qd7 {[%emt 0:01:18] Threatens to win with ...Qxg4.} 45. Qg3 Rg5 46. Qf2 Qd2 {[%emt 0:00:05] Weighted Error Value: White=0.25 (precise) /Black=0.06 (flawless)} 0-1

[Event "MCCT Oslo Esports Cup 2022"]
[Site "Oslo"]
[Date "2022.04.20"]
[Round "3.1"]
[White "Le, Quang Liem"]
[Black "Praggnanandhaa R"]
[Result "1/2-1/2"]
[ECO "E04"]
[WhiteElo "2709"]
[BlackElo "2624"]
[Annotator "TA"]
[PlyCount "66"]
[EventDate "2022.04.14"]
[EventType "tourn"]
[EventCountry "NOR"]
[SourceTitle "playchess.com"]
[Source "ChessBase"]
[SourceQuality "1"]
[TimeControl "1500+10"]

1. d4 Nf6 2. c4 e6 3. Nf3 d5 4. g3 dxc4 5. Bg2 Nbd7 6. O-O c6 {[%emt 0:00:06] is cutting edge theory.} 7. a4 a5 8. Qc2 {[%emt 0:00:46][%mdl 1024] White has compensation. E04: Open Catalan: 5 Nf3.} b5 9. Bg5 (9. Ne5 $14 Nxe5 10. dxe5) 9... Qb6 10. Nc3 Bb7 {[%emt 0:02:50] [#]} 11. Rfd1 $146 ({Predecessor:} 11. e4 Bb4 12. Bxf6 gxf6 13. d5 cxd5 14. exd5 Bxc3 15. dxe6 fxe6 16. Qxc3 bxa4 17. Qxc4 {0-1 (30) Navarro,R-Fantoni,F Eclipse email 2000}) 11... h6 12. Bxf6 Nxf6 13. Ne5 Be7 14. b3 cxb3 15. Qxb3 b4 16. Ne4 Rd8 17. Rac1 Nxe4 18. Bxe4 O-O (18... Bf6 $5 ) 19. Bxc6 Bf6 {[%emt 0:01:56] And now ...Bxe5 would win.} 20. Nd7 {[%emt 0:01:11] [#]} Rxd7 21. Bxd7 Bxd4 22. e3 {[%emt 0:00:04] [#]} Bd5 $1 23. Qd3 Bb2 24. Rb1 Bf6 25. Bb5 Qb7 (25... Bf3 $17 26. Rd2 Bc3) 26. Rbc1 $1 $15 b3 (26... Bf3 $15 27. Rd2 Bd5) 27. e4 $1 $11 {[%emt 0:00:27] The position is equal.} Bxe4 28. Qxb3 Bh1 {[%emt 0:00:02][%csl Gh1][%cal Rb7g2] This bishop pair is nice.} 29. Kf1 Qg2+ 30. Ke2 Qe4+ 31. Kf1 $1 {[%emt 0:00:01] Black must now prevent Bc6.} Qg2+ 32. Ke2 Qe4+ 33. Kf1 $1 {[%emt 0:00:04] Hoping for Bc6.} Qg2+ {[%emt 0:00:23] Weighted Error Value: White=0.06 (flawless) /Black=0.06 (flawless)} 1/2-1/2

[Event "MCCT Oslo Esports Cup 2022"]
[Site "Oslo"]
[Date "2022.04.20"]
[Round "3.2"]
[White "Carlsen, Magnus"]
[Black "Giri, Anish"]
[Result "1-0"]
[ECO "A29"]
[WhiteElo "2864"]
[BlackElo "2773"]
[Annotator "TA"]
[PlyCount "131"]
[EventDate "2022.04.14"]
[EventType "tourn"]
[EventCountry "NOR"]
[SourceTitle "playchess.com"]
[Source "ChessBase"]
[SourceQuality "1"]
[TimeControl "1500+10"]

1. c4 Nf6 2. Nc3 e5 3. Nf3 Nc6 4. g3 d5 5. cxd5 Nxd5 6. Bg2 Bc5 7. O-O O-O 8. d3 h6 9. Nxd5 {[%emt 0:00:27] A29: English Opening: Four Knights Variation with 4 g3.} Qxd5 10. Bd2 (10. a3 a5 11. Bd2 Qe6 12. Rc1 Qe7 13. Bc3 Nd4 14. e3 Nxf3+ 15. Qxf3 Bd6 16. Qh5 c6 17. f4 exf4 18. gxf4 Qxe3+ {1-0 (38) Carlsen,M (2845)-Giri,A (2797) Shamkir 2019 CBM 190 [Krasenkow,Michal]}) 10... Rd8 11. Bc3 {[%emt 0:03:01][%cal Of3e5] The position is equal.} Qe6 {[%emt 0:01:43] [#]} 12. Qc2 $146 ({Predecessor:} 12. Nd2 a5 13. Rc1 Ra6 14. Qb3 Qe7 15. Bxc6 Rxc6 16. Bxa5 Ra6 17. Bc3 c6 18. a3 {0-1 (28) Wang,H (2763)-Giri,A (2764) Chess.com INT 2020}) 12... Qe7 13. Rac1 Bb6 14. a3 Nd4 15. Nxd4 exd4 16. Bb4 Qe5 17. Bc5 c6 18. b4 Be6 19. Qb2 Qh5 20. Bf3 Bg4 21. Bxg4 Qxg4 22. Rc4 Qe6 23. Re1 (23. Rxd4 {looks sharper.} Rxd4 24. Qxd4 Qxe2 25. Qd7) 23... Qf6 24. e4 dxe3 25. Qxf6 gxf6 26. Rxe3 Re8 27. Kf1 {[%emt 0:00:41] &Bianco is more active.} Rad8 28. Ke2 f5 29. Rf4 Rxe3+ 30. fxe3 $14 {[%emt 0:00:02][%mdl 4096] Endgame KRB-KRB} Rd5 31. Rc4 Kg7 32. a4 Kf6 (32... Bxc5 $14 33. bxc5 (33. Rxc5 Rxc5 34. bxc5 Kf6 $11) 33... a5) 33. d4 (33. Bf8 $16) 33... h5 34. Kf3 Bxc5 $1 35. bxc5 {[%emt 0:00:34] KR-KR} Rd7 36. Rb4 Kg6 37. a5 {[%emt 0:00:26][%cal Oa5a6] Black must now prevent a6!} a6 38. Kf4 f6 39. Kf3 Kg5 40. Rb2 Re7 41. Rb1 Kg6 42. Ke2 Kg5 43. Kd3 Kg6 (43... Kg4 $16 {was worth a try.}) 44. d5 $1 $18 {[%emt 0:00:21] Strongly threatening dxc6.} cxd5 45. Kd4 Rd7 46. Rb6 {[%emt 0:00:01] c6 is the strong threat.} Kg5 47. c6 (47. h3 $16) 47... bxc6 $14 48. Rxa6 Re7 $1 49. Rxc6 Re4+ 50. Kc5 Rxe3 51. a6 {[%emt 0:00:03] Threatens to win with a7.} Ra3 52. Kb6 ({But not} 52. Kxd5 h4 $14) 52... d4 $2 {[%emt 0:00:14][%mdl 8192] [#] This move loses the game for Black.} (52... f4 $11 {and Black stays safe.} 53. gxf4+ Kxf4) 53. a7 $1 $18 {[%emt 0:00:02] Hoping for Rc8.} (53. Rd6 d3 $14) 53... d3 {[%emt 0:00:03] [#]} (53... Kg4 $142 54. Rc5 (54. Rxf6 d3 $11) 54... Rxa7 55. Kxa7 d3) 54. Rc3 $3 {[%emt 0:00:18][%mdl 576] Promotion} Rxc3 55. a8=Q {[%emt 0:00:02] Prevents Ra3. Threatening mate with Qg8+. KQ-KR} d2 56. Qg8+ Kh6 57. Qd8 Rb3+ 58. Kc5 {[%emt 0:00:02] Qh8+ would kill now.} Rc3+ 59. Kb4 Rc6 60. Qxd2+ Kg6 61. Qd8 Rc2 62. Qg8+ Kh6 63. Qf7 {[%emt 0:00:11] White mates.} Rxh2 64. Qxf6+ Kh7 65. Qxf5+ Kh6 66. g4 {[%emt 0:00:13] Weighted Error Value: White=0.08 (flawless) /Black=0.44} 1-0

[Event "MCCT Oslo Esports Cup 2022"]
[Site "Oslo"]
[Date "2022.04.20"]
[Round "3.2"]
[White "Duda, Jan-Krzysztof"]
[Black "Van Foreest, Jorden"]
[Result "1/2-1/2"]
[ECO "D12"]
[WhiteElo "2750"]
[BlackElo "2714"]
[Annotator "TA"]
[PlyCount "109"]
[EventDate "2022.04.14"]
[EventType "tourn"]
[EventCountry "NOR"]
[SourceTitle "playchess.com"]
[Source "ChessBase"]
[SourceQuality "1"]
[TimeControl "1500+10"]

1. d4 d5 2. c4 c6 3. Nf3 Nf6 4. e3 Bf5 5. Nc3 e6 6. Nh4 Be4 7. f3 Bg6 {[%emt 0:00:01] D12: Slav Defence: 3 Nf3 Nf6 4 e3 Bf5.} 8. Nxg6 hxg6 9. g3 Nbd7 {[%emt 0:01:10] 9...Be7 gains popularity.} (9... Bd6 $5 ) 10. Kf2 Bd6 11. Kg2 O-O 12. Qb3 Rb8 {[%emt 0:00:15] [#]} 13. cxd5 $146 ({Predecessor:} 13. f4 Bc7 14. Be2 Ba5 15. Bf3 Re8 16. Rd1 Qc7 17. Bd2 Bxc3 18. Qxc3 Ne4 19. Bxe4 dxe4 {½-½ (43) Li,S (2190)-Xi,Q (2270) Shaoxing 2021}) 13... exd5 ({Much less strong is} 13... Nxd5 14. e4 Nxc3 15. Qxc3 $14) 14. Bd2 Re8 15. Rd1 b5 16. Bc1 g5 17. g4 Nf8 {[%emt 0:00:07] And now ...b4 would win.} 18. Bd3 {[%emt 0:00:05] With the idea h4.} Ne6 {[%emt 0:00:06] [#]} (18... N6d7 $1 $11 {keeps the balance.}) 19. Bb1 (19. h4 $1 $16) 19... g6 (19... Nd7 $11) 20. h4 $1 $14 Qd7 21. Qc2 {[%emt 0:01:01] Threatens to win with Qf2.} Kg7 22. h5 gxh5 (22... b4 $5 23. Ne2 gxh5 $14) 23. gxh5 Rh8 24. h6+ $1 Rxh6 25. Rxh6 {[%emt 0:00:00] Dancing on a razor blade.} Kxh6 26. e4 dxe4 (26... Nf4+ $2 27. Bxf4 gxf4 28. Rh1+ Kg7 29. e5 $18) 27. Nxe4 Kg7 28. Nxf6 Kxf6 29. Qf5+ Ke7 $1 30. Bxg5+ Nxg5 31. Qxg5+ f6 32. Re1+ Kd8 33. Qxf6+ Kc7 {[%emt 0:00:01] [#] Strongly threatening ...Rg8+.} 34. Bf5 {[%emt 0:00:06] Active counter play!} Rg8+ 35. Kf1 Qd8 36. Qxd8+ Rxd8 $11 {[%emt 0:00:00][%mdl 4096] Endgame KRB-KRB} 37. Re6 Bf4 38. Be4 Rd6 39. Rxd6 Kxd6 $14 {[%emt 0:00:01] KB-KB} 40. Ke2 c5 41. dxc5+ Kxc5 42. Kd3 b4 43. Bb7 a5 44. b3 Kd6 45. Kc4 Bg5 46. Kb5 Bd8 47. Ka4 Kc5 48. a3 bxa3 {[%emt 0:00:02] The position is equal.} 49. Kxa3 Bg5 50. Ka4 Bd2 51. f4 Bxf4 52. Kxa5 Bd2+ 53. b4+ Bxb4+ 54. Ka4 Ba5 55. Kxa5 {[%emt 0:00:00] Weighted Error Value: White=0.07 (flawless) /Black=0.10 (very precise)} 1/2-1/2

[Event "MCCT Oslo Esports Cup 2022"]
[Site "Oslo"]
[Date "2022.04.20"]
[Round "3.2"]
[White "Praggnanandhaa R"]
[Black "Le, Quang Liem"]
[Result "1-0"]
[ECO "D38"]
[WhiteElo "2624"]
[BlackElo "2709"]
[Annotator "TA"]
[PlyCount "185"]
[EventDate "2022.04.14"]
[EventType "tourn"]
[EventCountry "NOR"]
[SourceTitle "playchess.com"]
[Source "ChessBase"]
[SourceQuality "1"]
[TimeControl "1500+10"]

1. d4 Nf6 2. c4 e6 3. Nf3 d5 4. Nc3 Bb4 5. Qa4+ Nc6 6. e3 O-O 7. Qc2 Re8 8. Bd2 Bf8 9. Be2 b6 10. cxd5 exd5 11. O-O Bb7 12. a3 Ne7 13. Bb5 c6 14. Bd3 Ng6 15. b4 a5 16. Rab1 axb4 17. axb4 b5 18. Rfe1 Ra3 19. e4 dxe4 20. Nxe4 Nd5 21. Nfg5 Be7 22. h4 Bc8 23. Ng3 Bd7 24. Nf5 Bxg5 25. Bxg5 f6 26. Bd2 Ngf4 27. Bf1 Ne6 28. h5 Qb6 29. Qe4 Raa8 {[%emt 0:00:34] [#]} (29... Nf8 $11 30. Qg4 Bxf5 $1 31. Qxf5 Rea8) 30. Qg4 $1 $16 (30. Nd6 $6 Ng5 31. Qd3 Rf8 $11) 30... Ng5 31. Bxg5 (31. Bd3 $16) 31... Bxf5 32. Qxf5 fxg5 (32... Rxe1 $2 33. Rxe1 fxg5 34. Qe6+ (34. Bd3 Nf6 $16) 34... Kf8 35. Qd6+ Kg8 36. Qe6+ Kf8 37. Bd3 $18) 33. Bd3 Nf6 34. h6 Qxd4 35. Qxg5 Qg4 ({Black should try} 35... Ng4 $14 36. Qxg7+ (36. Qf5 $2 g6 $19) 36... Qxg7 37. hxg7 Kxg7) 36. Qc5 $16 (36. Rxe8+ Rxe8 37. Qc5 Qh5 $16) 36... Qf4 (36... Qh5 $16) 37. Qxc6 $18 Qxh6 38. Rxe8+ ({Much less strong is} 38. Bxb5 $6 Qh4 39. g3 Qg4 40. Rxe8+ Rxe8 41. Bc4+ Kh8 $18) ({Don't play} 38. Qxb5 $6 Rxe1+ 39. Rxe1 Qf4 $18) 38... Rxe8 39. Bxb5 Kh8 $2 (39... Qh4 40. Qc7 Ng4 41. Bc4+ (41. Bxe8 Qxf2+ 42. Kh1 Qh4+ 43. Kg1 Qf2+ 44. Kh1 Qh4+ 45. Kg1 Qf2+ $11) 41... Kh8) 40. Qd6 $18 Rc8 41. Bc6 Qg6 42. Rd1 h6 43. b5 Qc2 44. Qd3 Rxc6 (44... Qxd3 {keeps fighting.} 45. Rxd3 Rb8) 45. bxc6 $18 Qxc6 46. Qf5 Kg8 47. g3 Qe4 48. Rd8+ Kf7 49. Qxe4 Nxe4 50. Rd7+ Kg6 51. Kg2 Ng5 52. Ra7 (52. Rd6+ $142 Kf5 53. f3) 52... Ne6 53. Kf3 Kf6 54. Kg4 g6 55. Ra6 h5+ 56. Kh4 Kf5 57. f3 Kf6 58. Kh3 (58. g4 $142 hxg4 59. fxg4 Ke7 60. Kg3 Kf6 61. Kh4 Kf7 62. Ra7+ Kf6 63. Ra8) 58... Kf7 59. Kg2 Nd4 60. Kf2 (60. g4 $142 hxg4 61. fxg4 Kg7 62. Kf2 Kf7 63. Ke3 Ne6 64. Rb6 Nd8 65. Rd6) 60... Nf5 61. Rb6 (61. g4 $142 hxg4 62. fxg4 Nh4 63. g5 Nf5 64. Kg2 Nd4 65. Rf6+ Kg7 66. Rd6) 61... Ne7 $18 62. Rb7 Kf6 63. Rb6+ Kf7 $1 64. Rd6 Nf5 65. Ra6 Kg7 66. Kg2 Nd4 67. Ra4 Nf5 68. Kh3 Kf6 69. Ra6+ Kg5 70. Rb6 Nd4 71. Kg2 Nf5 72. Rb5 Kf6 73. Ra5 Nd4 74. Ra6+ $2 (74. Kf2 $18 {Black must now prevent Ra6+.} Nf5 75. Ra6+ Kg5 76. f4+ Kh6 77. Ra7) 74... Kg5 $2 (74... Kf7 $11 75. Kf2 Nf5) 75. Rd6 Nf5 76. Rd5 Kf6 77. Kh3 Nh6 78. Rd6+ Kg5 79. f4+ Kf5 80. Ra6 Ng4 81. Kh4 Ne3 82. Ra3 Ng4 83. Ra5+ Kf6 84. Ra6+ Kf5 85. Kh3 Ne3 86. Ra3 Ng4 87. Kg2 Kf6 88. Ra6+ Kf7 89. Kh3 Nh6 90. Kh4 Kg7 91. Rb6 Nf7 92. f5 gxf5 93. Kxh5 1-0